HSSL
BUCHANAN HS @ MARIS SCHOOL MARINERS
04/01/2030
 
TOP OF THE 1ST
Buchanan HS batting - Pitching for Maris School Mariners : RHP Sam Pippy
Pitching: RHP Sam Pippy
Batting: RHB Richard Franco 0-0: Ball
1-0: Ball
2-0: Foul Ball, location: 2F
2-1: Ball
3-1: Swinging Strike
3-2: Base on Balls
Batting: RHB Tom Ross 0-0: Swinging Strike
Richard Franco is caught stealing 2nd base
0-1: Foul Ball, location: 2F
0-2: Strikes out swinging
Batting: LHB Edgar Cameron 0-0: Called Strike
0-1: Called Strike
0-2: Foul Ball, location: 2F
0-2: Ball
1-2: Ball
2-2: Reached via error on a dropped throw, E1
Batting: RHB Anthony Moore 0-0: Called Strike
0-1: Foul Ball, location: 2F
0-2: Strikes out swinging
Top of the 1st over - 0 runs, 0 hits, 1 error, 1 left on base; Buchanan HS 0 - Maris School 0
BOTTOM OF THE 1ST
Maris School Mariners batting - Pitching for Buchanan HS : RHP Jim Wither
Pitching: RHP Jim Wither
Batting: LHB Alexander Randolph 0-0: Foul Ball, location: 2F
0-1: Reached on error, E1 (Groundball, 15)
Batting: SHB Rob Nelson 0-0: Called Strike
0-1: Called Strike
0-2: Ball
Alexander Randolph steals 2nd base
1-2: Ball
2-2: Ball
3-2: Base on Balls
Batting: RHB Grant Reynolds 0-0: Ball
1-0: Foul Ball, location: 2F
1-1: Ball
2-1: Foul Ball, location: 2F
2-2: Ball
3-2: Strikes out swinging
Batting: LHB Dave Booth 0-0: Hit by Pitch
Alexander Randolph to third
Rob Nelson to second
Batting: SHB Albert Montgomery 0-0: Called Strike
0-1: Ball
1-1: Ball
2-1: Ball
3-1: Reached on error, E6 (Groundball, 6)
Alexander Randolph scores
Rob Nelson to third
Dave Booth to second
Batting: RHB John Verville 0-0: Swinging Strike
Passed Ball!
Rob Nelson scores
Dave Booth to third
Albert Montgomery to second
0-1: Called Strike
0-2: Foul Ball, location: 2F
0-2: Ball
1-2: Strikes out swinging
Batting: LHB Carl Spaeth 0-0: Ball
1-0: Ball
2-0: Called Strike
2-1: Called Strike
2-2: Ball
3-2: Fly out, F6 (Line Drive, 6)
Bottom of the 1st over - 2 runs, 0 hits, 2 errors, 2 left on base; Buchanan HS 0 - Maris School 2
TOP OF THE 2ND
Buchanan HS batting - Pitching for Maris School Mariners : RHP Sam Pippy
Batting: LHB David Guillén 0-0: Ball
1-0: Called Strike
1-1: Swinging Strike
1-2: Foul Ball, location: 2F
1-2: Ball
2-2: Fly out, F8 (Flyball, 8RD)
Batting: RHB Jack Lee 0-0: Called Strike
0-1: Called Strike
0-2: Ball
1-2: Strikes out looking
Batting: RHB Jorge Álvarez 0-0: Ball
1-0: Called Strike
1-1: Foul Ball, location: 2F
1-2: Ball
2-2: Ball
3-2: Strikes out swinging
Top of the 2nd over - 0 runs, 0 hits, 0 errors, 0 left on base; Buchanan HS 0 - Maris School 2
BOTTOM OF THE 2ND
Maris School Mariners batting - Pitching for Buchanan HS : RHP Jim Wither
Batting: RHB Ray O'Larly 0-0: Ball
1-0: Foul Ball, location: 2F
1-1: Ball
2-1: Ball
3-1: DOUBLE (Flyball, 78D)
Batting: LHB Michael Rodríguez 0-0: Swinging Strike
0-1: Ball
1-1: Swinging Strike
1-2: Ball
2-2: Foul Ball, location: 2F
2-2: Strikes out swinging
Batting: LHB Alexander Randolph 0-0: Called Strike
0-1: Called Strike
0-2: Strikes out swinging
Batting: SHB Rob Nelson 0-0: Ball
1-0: Called Strike
1-1: Foul Ball, location: 2F
1-2: Strikes out looking
Bottom of the 2nd over - 0 runs, 1 hit, 0 errors, 1 left on base; Buchanan HS 0 - Maris School 2
TOP OF THE 3RD
Buchanan HS batting - Pitching for Maris School Mariners : RHP Sam Pippy
Batting: RHB Jim Williams 0-0: Swinging Strike
0-1: Ball
1-1: Foul Ball, location: 2F
1-2: Foul Ball, location: 2F
1-2: Ball
2-2: Ball
3-2: Strikes out swinging
Batting: LHB Albert Fuentes 0-0: Ball
1-0: Swinging Strike
1-1: Ball
2-1: Ball
3-1: Called Strike
3-2: Fly out, F4 (Line Drive, 4M)
Batting: RHB Richard Franco 0-0: Ball
1-0: Ball
2-0: Ball
3-0: Base on Balls
Batting: RHB Tom Ross 0-0: Ball
1-0: Ball
2-0: Called Strike
2-1: Foul Ball, location: 2F
2-2: Foul Ball, location: 2F
2-2: Ball
3-2: Foul Ball, location: 2F
3-2: SINGLE (Line Drive, 8LS)
Richard Franco to second
Richard Franco to third
Batting: LHB Edgar Cameron 0-0: Called Strike
0-1: SINGLE (Line Drive, 4)
Richard Franco scores
Tom Ross to second
Runner from 2nd tries for 3rd, SAFE, no throw
Batting: RHB Anthony Moore 0-0: Ball
1-0: Called Strike
1-1: Swinging Strike
1-2: Foul Ball, location: 2F
1-2: Strikes out swinging
Top of the 3rd over - 1 run, 2 hits, 0 errors, 2 left on base; Buchanan HS 1 - Maris School 2
BOTTOM OF THE 3RD
Maris School Mariners batting - Pitching for Buchanan HS : RHP Jim Wither
Batting: RHB Grant Reynolds 0-0: Ball
1-0: Foul Ball, location: 2F
1-1: Ball
2-1: Ball
3-1: Base on Balls
Batting: LHB Dave Booth 0-0: Ball
1-0: DOUBLE (Line Drive, 89D)
Grant Reynolds to third
Runner from 3rd tries for Home, SAFE, no throw
Batting: SHB Albert Montgomery 0-0: Ball
1-0: Ground out 4-3 (Groundball, 4M)
Dave Booth to third
Batting: RHB John Verville 0-0: Ball
1-0: Ball
2-0: Foul Ball, location: 2F
2-1: Ball
3-1: Base on Balls
Batting: LHB Carl Spaeth 0-0: Called Strike
0-1: Called Strike
0-2: Foul Ball, location: 2F
0-2: Fly out, F7 (Flyball, 7LMF)
Runner from 3rd tags up, SCORES, no throw
Batting: RHB Ray O'Larly 0-0: Called Strike
0-1: Swinging Strike
0-2: Foul Ball, location: 2F
0-2: Strikes out swinging
Bottom of the 3rd over - 2 runs, 1 hit, 0 errors, 1 left on base; Buchanan HS 1 - Maris School 4
TOP OF THE 4TH
Buchanan HS batting - Pitching for Maris School Mariners : RHP Sam Pippy
Batting: LHB David Guillén 0-0: Ball
1-0: Foul Ball, location: 2F
1-1: Called Strike
1-2: Strikes out looking
Batting: RHB Jack Lee 0-0: Called Strike
0-1: Ball
1-1: Swinging Strike
1-2: Ball
2-2: Ball
3-2: Foul Ball, location: 2F
3-2: SINGLE (Groundball, 4MD)
Batting: RHB Jorge Álvarez 0-0: SINGLE (Groundball, 56D)
Jack Lee to second
Batting: RHB Jim Williams 0-0: Called Strike
0-1: Fly out, F5 (Popup, 56S)
Pitching: RHP Edgardo Hernández
Batting: LHB Albert Fuentes 0-0: Fly out, F7 (Flyball, 7)
Top of the 4th over - 0 runs, 2 hits, 0 errors, 2 left on base; Buchanan HS 1 - Maris School 4
BOTTOM OF THE 4TH
Maris School Mariners batting - Pitching for Buchanan HS : RHP Jim Wither
Batting: LHB Michael Rodríguez 0-0: Ball
1-0: Ball
2-0: Ground out 4-3 (Groundball, 4MS)
Batting: LHB Alexander Randolph 0-0: Ball
1-0: Fly out, F9 (Flyball, 89D)
Batting: SHB Rob Nelson 0-0: Swinging Strike
0-1: Fly out, F8 (Line Drive, 8RM)
Bottom of the 4th over - 0 runs, 0 hits, 0 errors, 0 left on base; Buchanan HS 1 - Maris School 4
TOP OF THE 5TH
Buchanan HS batting - Pitching for Maris School Mariners : RHP Edgardo Hernández
Batting: RHB Richard Franco 0-0: Ball
1-0: Ground out 5-3 (Groundball, 56S)
Batting: RHB Tom Ross 0-0: Called Strike
0-1: Ball
1-1: Ball
2-1: Ball
3-1: Base on Balls
Batting: LHB Edgar Cameron 0-0: Ball
1-0: Foul Ball, location: 2F
1-1: Ball
2-1: Called Strike
2-2: Strikes out looking
Batting: RHB Anthony Moore 0-0: Ball
1-0: Fly out, F7 (Flyball, 7S)
Top of the 5th over - 0 runs, 0 hits, 0 errors, 1 left on base; Buchanan HS 1 - Maris School 4
BOTTOM OF THE 5TH
Maris School Mariners batting - Pitching for Buchanan HS : RHP Jim Wither
Batting: RHB Grant Reynolds 0-0: Foul Ball, location: 2F
0-1: Foul Ball, location: 2F
0-2: Ball
1-2: Foul Ball, location: 2F
1-2: Foul Ball, location: 2F
1-2: SOLO HOME RUN (Flyball, 9LD), Distance : 371 ft
Pitching: RHP David Watson
Batting: LHB Dave Booth 0-0: Called Strike
0-1: DOUBLE (Line Drive, 9LM)
Batting: SHB Albert Montgomery 0-0: Called Strike
0-1: SINGLE (Groundball, 34D)
Dave Booth to third
Runner from 3rd tries for Home, SAFE, no throw
Batting: RHB John Verville 0-0: Called Strike
0-1: Called Strike
0-2: Ball
1-2: Ball
2-2: Ball
3-2: Foul Ball, location: 2F
3-2: Foul Ball, location: 2F
3-2: Strikes out looking
Batting: LHB Carl Spaeth 0-0: Called Strike
0-1: Foul Ball, location: 2F
0-2: Foul Ball, location: 2F
0-2: Ball
1-2: SINGLE (Groundball, 34S) (infield hit)
Albert Montgomery to second
Batting: RHB Ray O'Larly 0-0: Fly out, F7 (Line Drive, 78D)
Batting: LHB Michael Rodríguez 0-0: Foul Ball, location: 2F
0-1: Ball
1-1: Foul Ball, location: 2F
1-2: Foul Ball, location: 2F
1-2: Ball
2-2: Foul Ball, location: 2F
2-2: Ball
3-2: Foul Ball, location: 2F
3-2: Foul Ball, location: 2F
3-2: Base on Balls
Albert Montgomery to third
Carl Spaeth to second
Batting: LHB Alexander Randolph 0-0: Ball
1-0: Ball
2-0: Ball
3-0: Called Strike
3-1: Base on Balls
Albert Montgomery scores
Carl Spaeth to third
Michael Rodríguez to second
Batting: SHB Rob Nelson 0-0: Foul Ball, location: 2F
0-1: Called Strike
0-2: Strikes out swinging
Bottom of the 5th over - 3 runs, 4 hits, 0 errors, 3 left on base; Buchanan HS 1 - Maris School 7
TOP OF THE 6TH
Buchanan HS batting - Pitching for Maris School Mariners : RHP Edgardo Hernández
Batting: LHB David Guillén 0-0: Ball
1-0: Reached on error, E3 (Groundball, 3)
Batting: RHB Jack Lee 0-0: Ball
1-0: Foul Ball, location: 2F
1-1: Ball
2-1: Swinging Strike
2-2: Foul Ball, location: 2F
2-2: Fly out, F7 (Flyball, 7LSF)
Batting: RHB Jorge Álvarez 0-0: Swinging Strike
0-1: Ball
1-1: Called Strike
1-2: Ball
2-2: Foul Ball, location: 2F
2-2: Strikes out looking
Batting: RHB Jim Williams 0-0: Called Strike
0-1: Fly out, F8 (Flyball, 8RD)
Top of the 6th over - 0 runs, 0 hits, 1 error, 1 left on base; Buchanan HS 1 - Maris School 7
BOTTOM OF THE 6TH
Maris School Mariners batting - Pitching for Buchanan HS : RHP David Watson
Batting: RHB Grant Reynolds 0-0: Ball
1-0: Ball
2-0: Swinging Strike
2-1: Swinging Strike
2-2: Foul Ball, location: 2F
2-2: Foul Ball, location: 2F
2-2: Ball
3-2: Strikes out swinging
Batting: LHB Dave Booth 0-0: Ball
1-0: SINGLE (Line Drive, 34D)
Batting: SHB Albert Montgomery 0-0: Foul Ball, location: 2F
0-1: Ball
1-1: Foul Ball, location: 2F
1-2: SINGLE (Flyball, 7LM)
Dave Booth to second
Batting: RHB John Verville 0-0: Called Strike
0-1: Ball
1-1: Grounds into double play, 1-6-3 (Groundball, 13)
Bottom of the 6th over - 0 runs, 2 hits, 0 errors, 1 left on base; Buchanan HS 1 - Maris School 7
TOP OF THE 7TH
Buchanan HS batting - Pitching for Maris School Mariners : RHP Edgardo Hernández
Batting: LHB Albert Fuentes 0-0: Called Strike
0-1: Called Strike
0-2: Strikes out swinging
Batting: RHB Richard Franco 0-0: Ball
1-0: Ball
2-0: Called Strike
2-1: Reached on error, E4 (Groundball, 34)
Batting: RHB Tom Ross 0-0: Ball
Throwing error on steal attempt, E2
Richard Franco to third
1-0: Ball
2-0: Swinging Strike
2-1: Foul Ball, location: 2F
2-2: Ball
3-2: Ground out 6-3 (Groundball, 6)
Richard Franco scores
Batting: LHB Edgar Cameron 0-0: Called Strike
0-1: Called Strike
0-2: SINGLE (Flyball, 9S)
Batting: RHB Anthony Moore 0-0: Swinging Strike
0-1: Foul Ball, location: 2F
0-2: Fielders Choice at 2nd, 6-4 (Groundball, 6)
Top of the 7th over - 1 run, 1 hit, 2 errors, 1 left on base; Buchanan HS 2 - Maris School 7
BOTTOM OF THE 7TH
Maris School Mariners batting - Pitching for Buchanan HS : RHP David Watson
Batting: LHB Carl Spaeth 0-0: Ball
1-0: Called Strike
1-1: Ball
2-1: Ball
3-1: Base on Balls
Batting: RHB Ray O'Larly 0-0: Ball
1-0: Grounds into double play, 6-4-3 (Groundball, 6)
Batting: LHB Michael Rodríguez 0-0: Ball
1-0: Fly out, F8 (Flyball, 8LS)
Bottom of the 7th over - 0 runs, 0 hits, 0 errors, 0 left on base; Buchanan HS 2 - Maris School 7
TOP OF THE 8TH
Buchanan HS batting - Pitching for Maris School Mariners : RHP Edgardo Hernández
Now in LF: Miguel Martínez
Batting: LHB David Guillén 0-0: Ball
1-0: Ball
2-0: Fly out, F6 (Flyball, 56D)
Batting: RHB Jack Lee 0-0: Ball
1-0: Foul Ball, location: 2F
1-1: Swinging Strike
1-2: Foul Ball, location: 2F
1-2: Strikes out swinging
Batting: RHB Jorge Álvarez 0-0: Ball
1-0: Foul Ball, location: 2F
1-1: Ball
2-1: Ball
3-1: Foul Ball, location: 2F
3-2: Ground out 3-1 (Groundball, 34S)
Top of the 8th over - 0 runs, 0 hits, 0 errors, 0 left on base; Buchanan HS 2 - Maris School 7
BOTTOM OF THE 8TH
Maris School Mariners batting - Pitching for Buchanan HS : RHP David Watson
Batting: LHB Alexander Randolph 0-0: Called Strike
0-1: Ground out U3 (Groundball, 34S)
Batting: SHB Rob Nelson 0-0: Foul Ball, location: 2F
0-1: Ball
1-1: Ball
2-1: SINGLE (Line Drive, 4D)
Pitching: RHP Carl Cunningham
Batting: RHB Grant Reynolds 0-0: Ball
1-0: Foul Ball, location: 2F
1-1: Foul Ball, location: 2F
1-2: Strikes out swinging
Batting: LHB Dave Booth 0-0: Called Strike
0-1: Foul Ball, location: 2F
0-2: Ball
1-2: Foul Ball, location: 2F
1-2: SINGLE (Flyball, 7LM)
Rob Nelson to second
Batting: SHB Albert Montgomery 0-0: Called Strike
0-1: Foul Ball, location: 2F
0-2: Ball
1-2: Reached on error, E8 (Flyball, 8LD)
Rob Nelson scores
Dave Booth to third
Batting: RHB John Verville 0-0: Ball
1-0: Called Strike
1-1: Ball
2-1: Foul Ball, location: 2F
2-2: Strikes out swinging
Bottom of the 8th over - 1 run, 2 hits, 1 error, 2 left on base; Buchanan HS 2 - Maris School 8
TOP OF THE 9TH
Buchanan HS batting - Pitching for Maris School Mariners : RHP Edgardo Hernández
Batting: RHB Jim Williams 0-0: Called Strike
0-1: Ground out 6-3 (Groundball, 6)
Batting: LHB Albert Fuentes 0-0: Fly out, F7 (Flyball, 78D)
Batting: RHB Richard Franco 0-0: Foul Ball, location: 2F
0-1: Ball
1-1: Foul Ball, location: 2F
1-2: Ball
2-2: Foul Ball, location: 2F
2-2: Fly out, F9 (Flyball, 9D)
Top of the 9th over - 0 runs, 0 hits, 0 errors, 0 left on base; Buchanan HS 2 - Maris School 8
Saturday, April 7th, 2018 - OOTP Baseball 18.8 Build 76